 Dungeon Crawl Stone Soup version 0.27-a0-54-g64bdb92e38 (webtiles) character file.

Game seed: 847927017880236255

65 runemasterragnar the Skirmisher (level 4, -2/50 HPs)
             Began as an Ogre Monk on Jan 8, 2021.
             Slain by an orc
             ... wielding a +0 war axe
              (6 damage)
             ... on level 2 of the Dungeon.
             The game lasted 00:01:16 (1262 turns).

runemasterragnar the Skirmisher (Ogre Monk)         Turns: 1262, Time: 00:01:17

Health: -2/50      AC:  3    Str: 16    XL:     4   Next: 14%
Magic:  4/4        EV: 10    Int: 11    God:
Gold:   98         SH:  0    Dex: 11    Spells: 3/3 levels left

rFire    . . .     SeeInvis .   a - +0 hand axe
rCold    . . .     Faith    .   (no shield)
rNeg     . . .     Spirit   .   b - +0 robe
rPois    .         Reflect  .   (helmet restricted)
rElec    .         Harm     .   (no cloak)
rCorr    .         Rampage  .   (gloves unavailable)
Will     .....                  (boots unavailable)
Stlth    ++........             (no amulet)
HPRegen  0.16/turn              (no ring)
MPRegen  0.09/turn              (no ring)

@: no status effects
A: large, unfitting armour, tough skin 1
a: no special abilities


You were on level 2 of the Dungeon.
You visited 1 branch of the dungeon, and saw 2 of its levels.

You collected 98 gold pieces.

Inventory:

Hand Weapons
 a - a +0 hand axe (weapon)
Armour
 b - a +0 robe (worn)
Scrolls
 c - 2 scrolls of immolation {unknown}
 d - a scroll of identify {unknown}
 e - a scroll of magic mapping {unknown}
 f - a scroll of teleportation {unknown}
Potions
 g - a potion of curing {unknown}
 h - a potion of flight {unknown}


   Skills:
 * Level 5.4 Fighting
 + Level 3.5 Axes
 + Level 3.1 Dodging
 - Level 1.4 Stealth


You had 3 spell levels left.
You didn't know any spells.
Your spell library was empty.

Dungeon Overview and Level Annotations

Branches:
Dungeon (2/15)

Altars:


Innate Abilities, Weirdness & Mutations

You are too large for most types of armour.
You have tough skin. (AC +1)


Message History

An orc is nearby!
An orc is nearby!
You are too injured to fight recklessly!
You are too injured to fight recklessly!
You are too injured to fight recklessly!
An orc is nearby!
You are too injured to fight recklessly!
The orc hits you with a +0 war axe!
* * * LOW HITPOINT WARNING * * *
An adder comes into view.
You barely miss the orc. The orc hits you with a +0 war axe!
* * * LOW HITPOINT WARNING * * *
You completely miss the orc.
A giant cockroach comes into view.
The orc hits you.
* * * LOW HITPOINT WARNING * * *
You hit the orc.
The orc is severely wounded.
You hit the orc. The orc hits you with a +0 war axe.
You die...

.......##.... ##.
#...##.... . #..
#..†..... .. #.#
##.##.... .B. #.#
####...#.... .... ##.#
##$.....#....
.....#..####(.##.#.#....
.........).<.###.#.#....
.......@###### #.#.#.###
.#.....oo....# #.#.#.#
(............# #.#...
..##......<..# ...... #
#...S.........#
#...........#..
.............#
.##.###......... ...
##..###....


You could see an adder, 2 orcs and a giant cockroach.

Vanquished Creatures
  An orc wizard (D:2)
  An adder (D:1)
  2 dart slugs (D:1)
  An orc (D:2)
  A ball python (D:1)
  2 giant cockroaches (D:1)
  3 goblins (D:1)
  4 hobgoblins (D:1)
  2 jackals (D:2)
  A bat (D:2)
  3 frilled lizards (D:1)
  2 kobolds
  4 rats (D:1)
27 creatures vanquished.

Notes
Turn   | Place    | Note
-------+----------+-------------------------------------------
     0 | D:1      | runemasterragnar the Ogre Monk began the quest for the Orb.
     0 | D:1      | Reached XP level 1. HP: 24/24 MP: 1/1
   269 | D:1      | Reached XP level 2. HP: 31/33 MP: 2/2
   807 | D:1      | Reached XP level 3. HP: 41/41 MP: 3/3
   999 | D:1      | Reached skill level 5 in Fighting
  1248 | D:2      | Reached XP level 4. HP: 23/50 MP: 4/4
  1262 | D:2      | Slain by an orc

Illustrated notes

Levels and vault maps discovered:
D:1:      dpeg_arrival_arbitrary_c, layout_loops_ring
D:2:      layout_rooms, tso_altar, chequers_ecumenical_altar_simple_redux

Skill      XL: |  1  2  3 |
---------------+----------+-----
Dodging        | 3 |  3.1
Fighting       | 5 |  5.4
Axes           | |  3.5
Stealth        | |  1.4

Action                   |  1- 3 |  4- 6 || total
-------------------------+-------+-------++-------
Melee: Hand axe          |   102 |     9 ||   111
 Stab: Sleeping          |     3 |       ||     3
Armor: Robe              |    19 |     2 ||    21
Dodge: Dodged            |    55 |     3 ||    58

Table legend: (Time is in decaauts)
 A = Elapsed time spent in this place.
 B = Non-inter-level travel time spent in this place.
 C = Inter-level travel time spent in this place.
 D = Time resting spent in this place.
 E = Time spent auto-exploring this place.
 F = Levels seen in this place.
 G = Mean time per level.
                   A        B        C        D        E       F      G
               +--------+--------+--------+--------+--------+-----+--------+
         Total |   1278 |   1218 |     60 |    151 |    842 |   2 |  639.0 |
       Dungeon |   1278 |   1218 |     60 |    151 |    842 |   2 |  639.0 |
               +--------+--------+--------+--------+--------+-----+--------+

Top non-repeatable levels by time:
     D:1: 1181 daAuts
     D:2: 97 daAuts
